AoeStats
← Novius

Arena

516886454Analyzed
2v2 RM · 19d ago on Oct 28, 2026· 73m 26s· 4 players
Game mode
Random Map
Map size
Medium (4 player)
Population
200
Speed
Normal
Resources
Standard
Victory
Conquest
Starting age
Dark Age
Ending age
Imperial Age
RankedLock teamsTeams togetherTeam positionsShared explorationLock speedFull tech treeHidden civsTurbo modeCheats
Victory
Defeat
🇺🇸 Spanish · United States
516
+17
🇺🇸 Franks · United States
510
+29
vs
🇦🇷 Turks · Argentina
616
-50
🇦🇷 Huns · Argentina
468
-14
Novius
0:39 Loom
12:10 Feudal Age
12:46 Double-Bit Axe
14:18 Horse Collar
16:33 Wheelbarrow
17:19 Fletching
17:29 Padded Archer Armor
18:58 Gold Mining
21:24 Bloodlines
24:19 Stone Mining
25:43 Scale Barding Armor
29:30 Castle Age
30:20 Thumb Ring
31:37 Bodkin Arrow
31:57 Leather Archer Armor
32:03 Chain Barding Armor
32:34 Hand Cart
32:58 Bow Saw
32:38 Pikeman
33:18 Squires
34:01 Husbandry
36:30 Stone Shaft Mining
41:23 Imperial Age
39:20 Heavy Plow
39:25 Scale Mail Armor
41:48 Forging
41:53 Chain Mail Armor
43:44 Bracer
44:15 Ring Archer Armor
44:20 Plate Barding Armor
44:21 Iron Casting
44:16 Plate Mail Armor
45:18 Elite Conquistador
45:32 Cavalier
47:17 Elite Skirmisher
48:09 Halberdier
50:52 Caravan
64:12 Ballistics
64:52 Chemistry
63:48 Murder Holes
67:21 Blast Furnace
67:26 Conscription
69:35 Masonry
Raiizzy1
10:50 Feudal Age
14:00 Wheelbarrow
13:11 Loom
18:03 Double-Bit Axe
19:55 Scale Barding Armor
20:03 Forging
19:53 Scale Mail Armor
22:29 Castle Age
20:37 Gold Mining
25:32 Light Cavalry
29:31 Man-at-Arms
29:31 Pikeman
29:56 Gambesons
30:12 Squires
30:31 Long Swordsman
33:51 Ordonnance Companies
41:56 Imperial Age
41:57 Bow Saw
44:14 Chain Barding Armor
44:52 Cavalier
45:49 Two-Handed Swordsman
48:20 Conscription
49:21 Elite Skirmisher
53:06 Elite Skirmisher
54:54 Crossbowman
El TCIZ
9:02 Loom
13:26 Feudal Age
14:15 Town Watch
16:22 Horse Collar
18:50 Town Watch
25:15 Castle Age
35:23 Stone Mining
35:25 Gold Mining
41:46 Scale Barding Armor
41:41 Scale Mail Armor
41:52 Forging
41:33 Fletching
41:43 Padded Archer Armor
42:38 Wheelbarrow
44:50 Elite Skirmisher
45:35 Thumb Ring
44:51 Crossbowman
50:38 Imperial Age
48:17 Town Patrol
48:55 Wheelbarrow
48:21 Town Patrol
51:07 Iron Casting
54:22 Heavy Cavalry Archer
55:28 Parthian Tactics
58:51 Cavalier
62:13 Paladin
ank
10:28 Feudal Age
16:58 Castle Age
27:01 Padded Archer Armor
26:52 Fletching
27:43 Double-Bit Axe
27:43 Horse Collar
36:44 Imperial Age
Connection lost

Rejoining the realm…

Still unreachable

The connection could not be restored.

Session expired

The server has moved on; the page needs a fresh start.